 Dungeon Crawl Stone Soup version 0.29-a0-613-gf2c431b9b9 (console) character file.

Game seed: 17166499185785123114

348 om the Insei (level 6, -1/47 HPs)
             Began as a Merfolk Transmuter on June 16, 2022.
             Splashed by a jelly's acid (9 damage)
             ... on level 4 of the Dungeon.
             The game lasted 00:07:17 (5096 turns).

om the Insei (Merfolk Transmuter)                   Turns: 5096, Time: 00:07:18

Health: -1/47      AC: -4    Str: 11    XL:     6   Next: 60%
Magic:  10/10      EV: 12    Int: 12    God:
Gold:   175        SH:  0    Dex: 16    Spells: 9/10 levels left

rFire   . . .      SeeInvis .   k - +4 short sword (freeze)
rCold   . . .      Faith    .   (no shield)
rNeg    . . .      Spirit   .   l - +2 ring mail {rPois}
rPois   +          Reflect  .   (helmet currently unavailable)
rElec   .          Harm     .   (no cloak)
rCorr   .          Rampage  .   (no gloves)
Will    .....                   (boots currently unavailable)
Stlth   +.........              (no amulet)
HPRegen 0.15/turn               (no ring)
MPRegen 0.12/turn               (no ring)

@: appendages, corroded
A: horns 2, (nimble swimmer 2), mertail
a: End Transformation


You were on level 4 of the Dungeon.
You had temporarily grown beastly horns.
You visited 2 branches of the dungeon, and saw 5 of its levels.

You collected 175 gold pieces.

Inventory:

Hand Weapons
 k - a +4 short sword of freezing (weapon)
Armour
 l - a +2 ring mail of poison resistance (worn)
 o - a +0 hat (melded)
Jewellery
 a - a ring of poison resistance
Scrolls
 h - a scroll of identify
 m - a scroll of poison
Potions
 b - 2 potions of lignification
 c - 3 potions of curing
 d - 2 potions of might
 e - a potion of brilliance {unknown}
 f - 2 potions of heal wounds {unknown}
 g - a potion of invisibility {unknown}


   Skills:
 - Level 3.0 Fighting
 * Level 2.0 Armour
 + Level 4.3 Dodging
 - Level 0.7 Stealth
 + Level 5.0 Unarmed Combat
 + Level 2.7 Spellcasting
 - Level 3.0 Transmutations


You had 9 spell levels left.
You knew the following spells:

 Your Spells              Type           Power      Damage    Failure   Level
a - Beastly Appendage     Tmut           16%        N/A       17%         1

Your spell library contained the following spells:

 Spells                   Type           Power      Damage    Failure   Level
 Wereblood                Tmut           8%         N/A       26%         2
 Spider Form              Tmut/Pois      5%         N/A       67%         3
 Call Canine Familiar     Summ           1%         N/A       87%         3
 Portal Projectile        Hex/Tloc       2%         N/A       87%         3
 Ice Form                 Ice/Tmut       5%         N/A       97%         4
 Leda's Liquefaction      Hex/Erth       0%         N/A       99%         4


Dungeon Overview and Level Annotations

Branches:
Dungeon (4/15)             Temple (1/1) D:4

Altars:
Ashenzari
Elyvilon
Fedhas
Gozag
Hepliaklqana
Kikubaaqudgha
Makhleb
Nemelex Xobeh
Okawaru
Qazlal
Ru
Sif Muna
Trog
Uskayaw
Vehumet
Wu Jian
Yredelemnul
Zin
The Shining One


Innate Abilities, Weirdness & Mutations

You have temporarily grown beastly horns.
((You are very nimble when in or above water. (Stealth+, EV+, Speed+++)))
Your lower body shifts to a powerful aquatic tail in water.


Message History

You now have 175 gold pieces (gained 16).
Your horns disappear.
Your +0 hat unmelds from your body.
You see here a +0 robe.
You see here a black bear skeleton.
There is a stone staircase leading up here.
There is an escape hatch in the ceiling here.
You see here a worm corpse.
You see here a worm corpse.
A jelly comes into view.
A jelly is nearby!
You grow a pair of large bovine horns.
Your +0 hat melds into your body.
The jelly quivers.
An iguana comes into view.
Found a scroll of identify.
The iguana hisses angrily.
The jelly misses you.
You hit the jelly. You freeze the jelly.
Your hands burn!
The jelly is moderately wounded.
The jelly hits you. The acid corrodes you!
You are splashed with acid!
You hit the jelly but do no damage. The acid corrodes you!
Your hands burn!
You headbutt the jelly! You punch the jelly, but do no damage.
The jelly is severely wounded.
The jelly barely misses you.
You hit the jelly but do no damage.
Your hands burn!
You headbutt the jelly, but do no damage.
The jelly is severely wounded.
The iguana bites you! The jelly hits you. The acid corrodes you!
You are splashed with acid!
* * * LOW HITPOINT WARNING * * *
The iguana attacks as you move away! The iguana bites you.
* * * LOW HITPOINT WARNING * * *
Okay, then.
Okay, then.
Okay, then.
As you read the scroll labelled LIUC PERPHA, it crumbles to dust.
It is a scroll of enchant weapon.
Your +3 short sword of freezing glows red for a moment.
The iguana barely misses you. The jelly hits you.
* * * LOW HITPOINT WARNING * * *
You are splashed with acid!
You die...

#### #.# ##.....#
(..####.#####..#.##
.......>)))......#
........#####.#..#
........# #....##
.....>..# ####..#
........# #.##
........# #.#
........#
#####.#####
###...###
#.........# ..#
###....@....#
#.....
......Jl....# #.##
###.........# #
#.........#
#.......".#
#.........#
#..?......#
###########


You could see an iguana and a jelly.

Vanquished Creatures
  A black bear (D:4)
  A scorpion (D:4)
  An orc priest (D:4)
  Terence (D:3)
  An orc wizard (D:4)
  5 adders
  A worm (D:4)
  11 orcs
  2 bats
  7 endoplasms
  5 giant cockroaches
  5 goblins
  2 hobgoblins (D:1)
  2 jackals (D:4)
  6 kobolds
  A quokka (D:3)
  2 ball pythons (D:3)
  4 frilled lizards
  5 rats
63 creatures vanquished.

Notes
Turn   | Place    | Note
-------+----------+-------------------------------------------
     0 | D:1      | om the Merfolk Transmuter began the quest for the Orb.
     0 | D:1      | Reached XP level 1. HP: 15/15 MP: 3/3
   909 | D:1      | Found a faded altar of an unknown god.
   983 | D:1      | Reached XP level 2. HP: 21/21 MP: 5/5
  2405 | D:3      | Reached XP level 3. HP: 21/27 MP: 6/6
  2412 | D:3      | Reached skill level 4 in Unarmed Combat
  3111 | D:3      | Reached XP level 4. HP: 24/33 MP: 5/7
  3207 | D:3      | Noticed Terence
  3224 | D:3      | Killed Terence
  4247 | D:4      | Noticed a scorpion
  4253 | D:4      | Killed a scorpion
  4254 | D:4      | Reached skill level 1 in Armour
  4254 | D:4      | Reached XP level 5. HP: 25/39 MP: 6/8
  4633 | D:4      | Found a basalt altar of Yredelemnul.
  4655 | D:4      | Found a staircase to the Ecumenical Temple.
  4658 | D:4      | Noticed a black bear
  4669 | Temple   | Entered the Ecumenical Temple
  4690 | D:4      | Killed a black bear
  4691 | D:4      | Reached skill level 5 in Unarmed Combat
  4691 | D:4      | Reached XP level 6. HP: 43/47 MP: 7/9
  5096 | D:4      | Splashed by a jelly's acid

Illustrated notes

Levels and vault maps discovered:
D:1:      wander_arrival_lonely_grave, layout_loops_ring,
          shapermc_ecumenical_altar_flowoftime
D:2:      layout_loops_ring
D:3:      layout_basic, minmay_stone_trees_medium, kennysheep_small_spiral,
          uniq_terence
D:4:      layout_rooms, overflow_temple_1_default, temple_green,
          minmay_misc_feat_encased, corexii_leaking_fountain
Temple:   nicolae_temple_no_exploring_needed

Skill      XL: |  1  2  3  4  5  6 |
---------------+-------------------+-----
Dodging        | 3 4 |  4.3
Fighting       | 2 3 |  3.0
Unarmed Combat | 4 5 |  5.0
Transmutations | 3 |  3.0
Armour         | 1 2 |  2.0
Stealth        | |  0.7
Spellcasting   | |  2.7

Action                   |  1- 3 |  4- 6 || total
-------------------------+-------+-------++-------
Melee: Unarmed           |    99 |    16 ||   115
       Headbutt          |     7 |     5 ||    12
       Punch             |     5 |     3 ||     8
       Short sword       |       |    88 ||    88
 Cast: Beastly Appendage |     7 |     9 ||    16
  Use: Scroll            |     1 |     4 ||     5
       Potion            |       |     5 ||     5
 Stab: Sleeping          |       |     1 ||     1
Armor: Robe              |    12 |       ||    12
       Skin              |       |    31 ||    31
       Ring mail         |       |    32 ||    32
Dodge: Dodged            |    40 |    51 ||    91

Table legend: (Time is in decaauts)
 A = Elapsed time spent in this place.
 B = Non-inter-level travel time spent in this place.
 C = Inter-level travel time spent in this place.
 D = Time resting spent in this place.
 E = Time spent auto-exploring this place.
 F = Levels seen in this place.
 G = Mean time per level.
                   A        B        C        D        E       F      G
               +--------+--------+--------+--------+--------+-----+--------+
         Total |   5096 |   4944 |    152 |   1669 |   2754 |   5 | 1019.2 |
       Dungeon |   5094 |   4943 |    151 |   1669 |   2754 |   4 | 1273.5 |
        Temple |      1 |      0 |      1 |      0 |      0 |   1 |    1.0 |
               +--------+--------+--------+--------+--------+-----+--------+

Top non-repeatable levels by time:
     D:3: 1831 daAuts
     D:2: 1172 daAuts
     D:1: 1163 daAuts
     D:4: 926 daAuts
  Temple: 1 daAuts
